 Dungeon Crawl Stone Soup version 0.27-a0-679-g77a6b55cf3 (webtiles) character file.

Game seed: 8526592398849553847

30 hjoldr the Firebug (level 3, -5/28 HPs)
             Began as a Draconian Fire Elementalist on Mar 19, 2021.
             Slain by Terence
             ... wielding a +0 trident
              (9 damage)
             ... on level 2 of the Dungeon.
             The game lasted 00:18:30 (1413 turns).

hjoldr the Firebug (Draconian Fire Elementalist)    Turns: 1413, Time: 00:18:30

Health: -5/28      AC:  5    Str: 10    XL:     3   Next: 5%
Magic:  1/6        EV:  9    Int: 16    God:
Gold:   33         SH:  6    Dex: 11    Spells: 5/6 levels left

rFire    + . .     SeeInvis .   l - +0 long sword
rCold    x . .     Faith    .   g - +0 kite shield
rNeg     . . .     Spirit   .   (armour unavailable)
rPois    .         Reflect  .   (helmet restricted)
rElec    .         Harm     .   (no cloak)
rCorr    .         Rampage  .   (no gloves)
Will     .....                  (no boots)
Stlth    ++........             (no amulet)
HPRegen  0.09/turn              d - ring of fire
MPRegen  0.10/turn              (no ring)

@: very slightly contaminated
A: AC +5, unfitting armour, cold-blooded
a: no special abilities


You were on level 2 of the Dungeon.
You visited 1 branch of the dungeon, and saw 2 of its levels.

You collected 33 gold pieces.

Inventory:

Hand Weapons
 b - a +0 club
 e - a +0 club
 f - a +0 club
 h - a +0 short sword
 l - a +0 long sword (weapon)
 o - a +0 club
 p - a +0 dagger
 q - a +0 club
 r - a +0 club
Missiles
 i - 14 stones
 j - 10 arrows
Armour
 a - a +0 helmet
 g - a +0 kite shield (worn)
 m - a +0 leather armour
Jewellery
 d - a ring of fire (right hand)
 s - a ring of protection from cold
 u - a ring of resist corrosion
Scrolls
 t - 2 scrolls of immolation {unknown}
Potions
 c - 2 potions of brilliance {unknown}
 k - a potion of heal wounds {unknown}
 n - 2 potions of berserk rage {unknown}


   Skills:
 + Level 1.0 Fighting
 + Level 0.2 Long Blades
 + Level 0.1 Maces & Flails
 + Level 2.1 Dodging
 + Level 1.9 Stealth
 + Level 0.2 Shields
 + Level 2.1 Spellcasting
 + Level 1.2 Conjurations
 + Level 3.3 Fire Magic


You had 5 spell levels left.
You knew the following spells:

 Your Spells              Type           Power      Damage    Failure   Level
a - Foxfire               Conj/Fire      52%        2x1d6     47%         1

Your spell library contained the following spells:

 Spells                   Type           Power      Damage    Failure   Level
 Animate Skeleton         Necr           2%         N/A       80%         1
 Apportation              Tloc           2%         N/A       80%         1
 Corona                   Hex            1%         N/A       80%         1
 Summon Small Mammal      Summ           4%         N/A       80%         1
 Conjure Flame            Conj/Fire      13%        6-21      85%         3
 Inner Flame              Hex/Fire       10%        N/A       91%         3
 Sticky Flame             Conj/Fire      13%        2d4       99%         4
 Fireball                 Conj/Fire      6%         3d5       100%        5


Dungeon Overview and Level Annotations

Branches:
Dungeon (2/15)

Altars:

Shops:
D:2 ![

Annotations:
D:2 Terence


Innate Abilities, Weirdness & Mutations

Your plain brown scales are hard. (AC +5)
You cannot fit into any form of body armour.
You are cold-blooded and may be slowed by cold attacks.


Message History

The foxfire hits Terence.
Terence is moderately wounded.
You block Terence's attack.
Casting: Foxfire (safe; 47% risk of failure)
Press: ? - help, Q - select action, (/) - cycle Dir - look around, f - activate You feel a surge of power!
You miscast Foxfire.
Nothing appears to happen.
Casting: Foxfire (safe; 47% risk of failure)
Press: ? - help, Q - select action, (/) - cycle Dir - look around, f - activate You feel a surge of power!
You conjure some foxfire!
The foxfire hits Terence.
Terence is heavily wounded.
Casting: Foxfire (safe; 47% risk of failure)
Press: ? - help, Q - select action, (/) - cycle Dir - look around, f - activate You feel a surge of power!
You conjure some foxfire!
The foxfire hits Terence but does no damage.
Terence is heavily wounded.
You block Terence's attack.
The foxfire hits Terence but does no damage.
Terence is moderately wounded.
The foxfire hits Terence but does no damage.
Terence is moderately wounded.
There are monsters nearby!
Terence closely misses you. Terence hits you with a +0 trident.
The goblin hits you but does no damage.
You hit Terence.
Terence is heavily wounded.
Terence barely misses you. The goblin hits you with a +0 dagger.
Terence closely misses you.
You riposte.
You barely miss Terence.
Terence is heavily wounded.
The goblin hits you with a +0 dagger.
You hit Terence.
Terence is severely wounded.
Terence hits you with a +0 trident. The goblin hits you but does no damage.
Terence hits you with a +0 trident!
* * * LOW HITPOINT WARNING * * *
The goblin hits you but does no damage.
You hit Terence but do no damage.
Your tail-slap misses Terence.
Terence is severely wounded.
Terence hits you with a +0 trident!
You die...

.....<...#..##.###.#
#.#
........##.........#
#.# #g........##### #.#
##@#v......#########.#
##.###..<†.............
#g## ##......########..
##@###.......## #..
####.#g.....##.## #..
#.....@@....###.####
#.. #.######..###
#....# #.# # ##.##
##.##.# #.#
##.###.###.# #..
##...## #.# ##. ##.##
##.####. #.####.......
#............
##........##.


You could see Terence and a goblin.

Vanquished Creatures
  A dart slug (D:2)
  A leopard gecko (D:2)
  4 giant cockroaches
  7 hobgoblins (D:1)
  A quokka (D:1)
  2 bats (D:1)
  3 frilled lizards
  2 goblins (D:1)
  3 kobolds (D:1)
  A rat (D:1)
25 creatures vanquished.

Vanquished Creatures (others)
  36 foxfires
36 creatures vanquished.

Grand Total: 61 creatures vanquished

Notes
Turn   | Place    | Note
-------+----------+-------------------------------------------
     0 | D:1      | hjoldr the Draconian Fire Elementalist began the quest for
                  | the Orb.
     0 | D:1      | Reached XP level 1. HP: 14/14 MP: 3/3
   293 | D:1      | Reached XP level 2. HP: 17/22 MP: 1/5
   655 | D:1      | Reached skill level 1 in Fighting
  1298 | D:2      | Reached XP level 3. HP: 25/28 MP: 4/6
  1339 | D:2      | Found Sehuc's Armour Boutique.
  1391 | D:2      | Noticed Terence
  1392 | D:2      | Found Uvepnoemn's Distillery.
  1413 | D:2      | Slain by Terence

Illustrated notes

Levels and vault maps discovered:
D:1:      dpeg_arrival_short_road, layout_basic
D:2:      layout_loops_ring, gammafunk_temple_overflow_elements,
          nicolae_overflow_hidden_temple, serial_shops, shop, shop, shop,
          uniq_terence, uniq_crazy_yiuf_cottage

Skill      XL: |  1  2 |
---------------+-------+-----
Fighting       | 1 |  1.0
Dodging        | 2 |  2.1
Long Blades    | |  0.2
Maces & Flails | |  0.1
Stealth        | |  1.9
Shields        | |  0.2
Spellcasting   | |  2.1
Conjurations   | |  1.2
Fire Magic     | |  3.3

Action                   || total
-------------------------++-------
Melee: Club              ||    11
       Long sword        ||    22
       Short sword       ||     6
       Tailslap          ||     4
 Cast: Foxfire           ||    25
 Stab: Sleeping          ||     2
Armor: Skin              ||    16
Dodge: Dodged            ||    30
Block: Kite shield       ||    11
       Rpst.: Long sword ||     4

Table legend: (Time is in decaauts)
 A = Elapsed time spent in this place.
 B = Non-inter-level travel time spent in this place.
 C = Inter-level travel time spent in this place.
 D = Time resting spent in this place.
 E = Time spent auto-exploring this place.
 F = Levels seen in this place.
 G = Mean time per level.
                   A        B        C        D        E       F      G
               +--------+--------+--------+--------+--------+-----+--------+
         Total |   1432 |   1424 |      8 |      0 |    226 |   2 |  716.0 |
       Dungeon |   1432 |   1424 |      8 |      0 |    226 |   2 |  716.0 |
               +--------+--------+--------+--------+--------+-----+--------+

Top non-repeatable levels by time:
     D:1: 1260 daAuts
     D:2: 171 daAuts
